 Dungeon Crawl Stone Soup version 0.29.1-14-g9c671dbff4 (webtiles) character file.

Game seed: 3476639899263747336

29 bnorton916 the Firebug (level 3, -5/19 HPs)
             Began as a Deep Elf Fire Elementalist on Feb 15, 2023.
             Slain by a scorpion (6 damage)
             ... on level 3 of the Dungeon.
             The game lasted 00:01:45 (1389 turns).

bnorton916 the Firebug (Deep Elf Fire Elementalist) Turns: 1389, Time: 00:01:45

Health: -5/19      AC:  3    Str:  2 (5)  XL:     3   Next: 1%
Magic:  8/10       EV: 12    Int: 20 (21) God:
Gold:   44         SH:  0    Dex: 14 (15) Spells: 3/9 levels left

rFire   . . .      SeeInvis .   (no weapon)
rCold   . . .      Faith    .   (no shield)
rNeg    . . .      Spirit   .   a - +0 robe
rPois   .          Reflect  .   (no helmet)
rElec   .          Harm     .   i - +0 cloak
rCorr   .          Rampage  .   (no gloves)
Will    .....                   (no boots)
Stlth   ++........              (no amulet)
HPRegen 0.06/turn               (no ring)
MPRegen 0.12/turn               (no ring)

@: lethally poisoned (-5 -> -11), hasted, very quick
A: no striking features
a: no special abilities


You were on level 3 of the Dungeon.
You visited 1 branch of the dungeon, and saw 4 of its levels.

You collected 44 gold pieces.

Inventory:

Armour
 a - a +0 robe (worn)
 i - a +0 cloak (worn)
Scrolls
 c - a scroll of teleportation {unknown}
 d - a scroll of torment {unknown}
 h - a scroll of summoning {unknown}
 j - 2 scrolls of identify {unknown}
Potions
 b - a potion of magic
 g - a potion of ambrosia {unknown}


   Skills:
 - Level 2.4 Dodging
 - Level 2.4 Stealth
 + Level 3.7 Spellcasting
 + Level 2.1 Conjurations
 + Level 3.8 Fire Magic
 + Level 0.0 Ice Magic


You had 3 spell levels left.
You knew the following spells:

 Your Spells              Type           Power      Damage    Failure   Level
a - Foxfire               Conj/Fire      60%        2x1d7     4%          1
b - Scorch                Fire           36%        2d7       4%          2
c - Frozen Ramparts       Ice            6%         1d1       36%         3

Your spell library contained the following spells:

 Spells                   Type           Power      Damage    Failure   Level
 Conjure Flame            Conj/Fire      15%        6-21      12%         3
 Inner Flame              Hex/Fire       11%        N/A       19%         3
 Flame Wave               Conj/Fire      15%        2d7       36%         4
 Ice Form                 Ice/Tmut       3%         N/A       78%         4
 Summon Ice Beast         Ice/Summ       3%         N/A       78%         4


Dungeon Overview and Level Annotations

Branches:
Dungeon (4/15)
 Temple: D:4-7

Altars:


Message History

You conjure some foxfire!
Your foxfire dissipates!
Your foxfire dissipates!
Your foxfire dissipates!
j - a scroll labelled FIOTOF OBENOX
Found a shortbow.
j - 2 scrolls labelled FIOTOF OBENOX (gained 1)
Found a stone staircase leading up.
There is a stone staircase leading down here.
A scorpion comes into view.
A ball python comes into view.
Found a glowing orange potion.
The scorpion barely misses you.
There is a stone staircase leading up here.
Casting: Foxfire (safe; 3% risk of failure)
Confirm with . or Enter, or press ? or * to list all spells.
Flames lash the scorpion.
The scorpion is lightly wounded.
The scorpion's fire resistance burns away.
The ball python hisses angrily.
You hear a shout!
The scorpion closely misses you. The scorpion stings you.
You are lethally poisoned!
The scorpion poisons you!
You feel very sick. The scorpion closely misses you.
You climb upwards.
You feel sick.
Found 2 fuming blue potions.
There is a stone staircase leading down here.
It was a potion of degeneration.
There was something very wrong with that liquid.
You feel weakened.
You feel dopey.
You feel clumsy.
* * * LOW HITPOINT WARNING * * *
You feel sick.
The scorpion is no longer more vulnerable to fire.
The scorpion stings you.
* * * LOW HITPOINT WARNING * * *
It was a potion of haste.
You feel yourself speed up.
* * * LOW HITPOINT WARNING * * *
You feel sick. The scorpion stings you.
You die...

## .# . .# .!.
.#
.#...###.######
.......@.......
.#######s######
.# .# ##


You could see a scorpion.

Vanquished Creatures
  A dart slug (D:1)
  A ball python (D:1)
  3 bats (D:1)
  2 endoplasms (D:1)
  2 giant cockroaches (D:1)
  2 goblins (D:1)
  A hobgoblin (D:1)
  3 quokkas (D:1)
  2 frilled lizards (D:1)
  4 kobolds (D:1)
  3 rats (D:1)
24 creatures vanquished.

Vanquished Creatures (others)
  143 foxfires
143 creatures vanquished.

Grand Total: 167 creatures vanquished

Notes
Turn   | Place    | Note
-------+----------+-------------------------------------------
     0 | D:1      | bnorton916 the Deep Elf Fire Elementalist began the quest
                  | for the Orb.
     0 | D:1      | Reached XP level 1. HP: 10/10 MP: 6/6
   181 | D:1      | Reached XP level 2. HP: 15/15 MP: 4/8
  1117 | D:1      | Reached XP level 3. HP: 19/19 MP: 5/10
  1128 | D:1      | Learned a level 2 spell: Scorch
  1132 | D:1      | Learned a level 3 spell: Frozen Ramparts
  1348 | D:2      | You fall into a shaft and drop 2 floors!
  1382 | D:4      | Noticed a scorpion
  1389 | D:3      | Slain by a scorpion

Illustrated notes

Levels and vault maps discovered:
D:1:      roderic_dead_forest, layout_basic, grunt_decor_arrowhead,
          nrook_mini_vaults, nrook_uturn, minmay_misc_feat_iff,
          minmay_tromino_v4_c
D:2:      layout_basic, columned_hall_lemuel
D:3:      layout_loops_corners, serial_shops, shop_statue
D:4:      layout_rooms, nicolae_concentric_dashed_squares_wild,
          hangedman_minor_gate_pass, uniq_grinder, uniq_blork_the_orc,
          uniq_edmund

Skill      XL: |  1  2 |
---------------+-------+-----
Conjurations   | 2 |  2.1
Dodging        | |  2.4
Stealth        | |  2.4
Spellcasting   | |  3.7
Fire Magic     | |  3.8

Action                   || total
-------------------------++-------
 Cast: Foxfire           ||    79
       Scorch            ||     1
  Use: Potion            ||     2
Dodge: Dodged            ||     6
